 Dungeon Crawl Stone Soup version 0.21.1-1-g345015fe64 (webtiles) character file.

19557 goremand the Brawler (level 12, 0/115 HPs)
             Began as a Troll Berserker on Feb 7, 2018.
             Was a High Priest of Trog.
             Succumbed to barbed spike wounds
             ... on level 12 of the Dungeon on Feb 8, 2018.
             The game lasted 01:30:58 (11951 turns).

goremand the Brawler (Troll Berserker)             Turns: 11951, Time: 01:30:59

Health: 0/115      AC: 11    Str: 29    XL:     12   Next: 37%
Magic:  11/11      EV: 13    Int:  3    God:    Trog [*****.]
Gold:   725        SH:  0    Dex: 12    Spells: 11/11 levels left

rFire    . . .     SeeInvis .     - Unarmed
rCold    + . .     Gourm    +   (no shield)
rNeg     . . .     Faith    .   N - +1 troll leather armour
rPois    .         Spirit   .   A - +2 hat
rElec    .         Reflect  .   H - +0 cloak
rCorr    .         Harm     .   (gloves unavailable)
MR       +....                  (boots unavailable)
Stlth    +.........             x - amulet of magic regeneration
HPRegen  1.09/turn              t - ring of protection from magic
MPRegen  0.37/turn              o - ring of protection from cold

@: barbed spikes, berserk cooldown, slowed, very slow
A: large, unfitting armour, claws 3, fast metabolism 3, gourmand, regeneration
1, shaggy fur 1, tough skin 2
a: Berserk, Trog's Hand, Brothers in Arms, Burn Spellbooks, Renounce Religion


You were on level 12 of the Dungeon.
You worshipped Trog.
Trog was extremely pleased with you.
You were very full.

You visited 2 branches of the dungeon, and saw 13 of its levels.

You collected 725 gold pieces.

Inventory:

Missiles
 c - 310 stones
 R - 4 large rocks (quivered)
Armour
 a - a +0 animal skin
 s - a +0 cloak
 y - a +1 robe of magic resistance
 A - a +2 hat (worn)
 F - a +2 robe of resistance
 H - a +0 cloak (worn)
 I - a +0 robe
 K - a cursed +0 robe
 N - a +1 troll leather armour (worn)
Jewellery
 j - an uncursed ring of wizardry
 m - an uncursed ring of loudness
 o - a ring of protection from cold (right claw)
 t - a ring of protection from magic (left claw)
 v - an uncursed ring of protection from cold
 w - a cursed ring of teleportation
 x - an amulet of magic regeneration (around neck)
 B - an uncursed ring of protection from cold
 Q - an uncursed ring of ice
Wands
 C - a wand of iceblast (19)
 E - a wand of polymorph (19)
 J - a wand of acid (6)
 O - a wand of digging (17)
Scrolls
 d - 4 scrolls of teleportation
 g - 3 scrolls of enchant armour
 i - 9 scrolls of identify
 k - 2 scrolls of fear {unknown}
 n - 2 scrolls of blinking {unknown}
 p - 3 scrolls of magic mapping {unknown}
 u - 2 scrolls of remove curse
 D - 2 scrolls of noise
Potions
 e - a potion of mutation {unknown}
 f - 4 potions of flight {unknown}
 h - 2 potions of invisibility {unknown}
 l - 2 potions of berserk rage {unknown}
 q - 3 potions of heal wounds {unknown}
 r - 4 potions of curing
 z - a potion of agility
 G - a potion of degeneration {unknown}
 L - a potion of cancellation {unknown}
Miscellaneous
 P - a lightning rod (4/4)
Comestibles
 b - 25 rations


   Skills:
 + Level 6.5 Fighting
 + Level 2.0 Armour
 + Level 8.1 Dodging
 + Level 16.1 Unarmed Combat


You had 11 spell levels left.
You didn't know any spells.

Dungeon Overview and Level Annotations

Branches:
Dungeon (12/15)            Temple (1/1) D:7            Lair (0/6) D:9
    Orc (0/2) D:10

Altars:
Elyvilon
Fedhas
Gozag
Hepliaklqana
Makhleb
Nemelex Xobeh
Okawaru
Sif Muna
Trog
Vehumet
Wu Jian
Xom
Yredelemnul

Shops:
D:7 ?


Innate Abilities, Weirdness & Mutations

You are too large for most types of armour.
You have claws for hands.
Your metabolism is lightning-fast.
You like to eat raw meat.
Your natural rate of healing is unusually fast.
You are covered in fur. (AC +1)
You have very tough skin. (AC +2)


Message History

* * * LOW HITPOINT WARNING * * *
The manticore barely misses you.
The barbed spikes dig painfully into your body as you move.
* * * LOW HITPOINT WARNING * * *
The barbed spikes dig painfully into your body as you move.
* * * LOW HITPOINT WARNING * * *
You feel a strong urge to attack something.
Things that are here:
a giant club; a giant spiked club The barbed spikes dig painfully into your body as you move.
* * * LOW HITPOINT WARNING * * *
Things that are here:
a scorpion corpse; an iguana corpse The barbed spikes dig painfully into your body as you move.
* * * LOW HITPOINT WARNING * * *
You feel your anger nearly subside.
You are no longer berserk.
You are exhausted.
You feel yourself slow down.
The barbed spikes dig painfully into your body as you move.
You die...

######## #...##.# #...##.#
#...##.#######
####............###########
#......#..#####.#..........
###.....##..# #>@.ZH......#
...........<# #.#$#.......#
###.....###.# #.#.#.......#
#.....#...# #.#.#.#.#+#....
#.....#.#.# #.#.#.#.# ...
#.........###.#...#.. ##
#.....###.....######..
#.......#........ ..#
#.....#.#.###....


You could see a manticore and a wyvern skeleton.

Vanquished Creatures
  Gastronok (D:8)
  Erolcha (D:8)
  Erica (D:8)
  2 two-headed ogres
  The ghost of mahrgell the Martial Artist, a novice OpTm of Cheibriados (D:9)
  Nergalle (D:10)
  An unseen horror (D:10)
  Pikel (D:6)
  A cyclops (D:11)
  Maurice (D:10)
  Psyche (D:9)
  A queen bee (D:8)
  The ghost of Gargoyl the Skirmisher, an amateur CeAK of Lugonu (D:4)
  2 trolls
  A hornet (D:9)
  2 hippogriffs
  A slime creature (D:6)
  Sigmund (D:4)
  A vampire (D:11)
  4 yaks
  A wraith (D:10)
  Grum (D:9)
  2 basilisks
  Eustachio (D:4)
  3 hungry ghosts (D:10)
  A water moccasin (D:9)
  4 ice beasts
  3 porcupines (D:8)
  6 orc warriors
  2 black bears
  A sky beast (D:6)
  4 phantoms
  6 centaurs
  7 ogres
  4 crocodiles
  4 wolves (D:8)
  Blork the orc (D:4)
  2 big kobolds
  4 bullfrogs
  A wyvern zombie (D:7)
  A water moccasin zombie (D:9)
  3 scorpions
  32 killer bees
  8 wights (D:6)
  A howler monkey (D:8)
  3 crimson imps
  9 orc priests
  3 bullfrog zombies
  7 hounds
  6 jellies
  15 orc wizards
  A bullfrog skeleton (D:9)
  2 centaur skeletons
  10 iguanas
  13 worker ants
  8 ogre zombies (D:10)
  2 hound zombies
  4 hound skeletons
  2 worker ant zombies
  13 gnolls
  8 adders
  A shadow imp (D:8)
  16 oozes
  2 adder zombies
  7 worms
  A dart slug (D:1)
  3 leopard geckos
  44 orcs
  A giant cockroach (D:5)
  4 goblins
  4 hobgoblins
  14 jackals
  4 quokkas
  3 ball pythons
  2 bats
  A frilled lizard (D:4)
  3 goblin zombies (D:10)
  3 hobgoblin zombies (D:10)
  10 kobolds
  3 orc skeletons (D:10)
  16 orc zombies (D:10)
  2 quokka skeletons
  3 rats
  2 fungi (D:6)
384 creatures vanquished.

Vanquished Creatures (others)
  7 fungi (D:6)
  A plant (D:9)
8 creatures vanquished.

Grand Total: 392 creatures vanquished

Notes
Turn   | Place    | Note
-------+----------+-------------------------------------------
     0 | D:1      | goremand the Troll Berserker began the quest for the Orb.
     0 | D:1      | Reached XP level 1. HP: 22/22 MP: 0/0
   272 | D:1      | Reached XP level 2. HP: 29/29 MP: 1/1
   860 | D:2      | Reached XP level 3. HP: 36/36 MP: 2/2
  1144 | D:2      | Reached XP level 4. HP: 33/45 MP: 3/3
  1259 | D:2      | Reached skill level 4 in Unarmed Combat
  1283 | D:2      | Reached ** piety under Trog
  1562 | D:3      | Found a shimmering altar of Xom.
  1563 | D:3      | Found a shimmering altar of Xom.
  1564 | D:3      | Found a shimmering altar of Xom.
  1564 | D:3      | Found a shimmering altar of Xom.
  1567 | D:3      | Found a shimmering altar of Xom.
  1568 | D:3      | Found a shimmering altar of Xom.
  1805 | D:3      | Found a shimmering altar of Xom.
  1952 | D:3      | Reached XP level 5. HP: 53/53 MP: 1/4
  2690 | D:4      | Noticed Gargoyl's ghost (amateur CeAK)
  2703 | D:4      | Killed Gargoyl's ghost
  2703 | D:4      | Reached skill level 5 in Unarmed Combat
  2703 | D:4      | Reached XP level 6. HP: 61/61 MP: 5/5
  2704 | D:4      | Noticed Sigmund
  2714 | D:4      | Killed Sigmund
  2714 | D:4      | Reached skill level 6 in Unarmed Combat
  2714 | D:4      | Reached XP level 7. HP: 35/67 MP: 6/6
  2852 | D:4      | Found a burning altar of Makhleb.
  2856 | D:4      | Found an iron altar of Okawaru.
  2859 | D:4      | Found an ornate altar of the Wu Jian Council.
  2862 | D:4      | Found a bloodstained altar of Trog.
  3095 | D:4      | Noticed Eustachio
  3123 | D:4      | Killed Eustachio
  3123 | D:4      | Reached skill level 7 in Unarmed Combat
  3158 | D:4      | Noticed Blork the orc
  3164 | D:4      | Killed Blork the orc
  3418 | D:4      | Found a sparkling altar of Nemelex Xobeh.
  3418 | D:4      | Found an opulent altar of Gozag.
  3700 | D:5      | Entered Level 5 of the Dungeon
  3761 | D:5      | Reached skill level 8 in Unarmed Combat
  3761 | D:5      | Reached XP level 8. HP: 70/78 MP: 7/7
  4488 | D:5      | Reached *** piety under Trog
  4775 | D:6      | Reached skill level 9 in Unarmed Combat
  5339 | D:6      | Reached skill level 5 in Dodging
  5339 | D:6      | Reached skill level 10 in Unarmed Combat
  5355 | D:6      | Reached XP level 9. HP: 75/84 MP: 8/8
  5457 | D:6      | Reached **** piety under Trog
  5578 | D:7      | Noticed Pikel
  5606 | D:6      | Killed Pikel
  5606 | D:6      | Reached skill level 11 in Unarmed Combat
  5650 | D:7      | Found a staircase to the Ecumenical Temple.
  5660 | Temple   | Entered the Ecumenical Temple
  6009 | D:7      | Reached ***** piety under Trog
  6081 | D:7      | Reached skill level 12 in Unarmed Combat
  6186 | D:7      | Found Korghos's Magic Scroll Shop.
  6590 | D:8      | Reached XP level 10. HP: 85/93 MP: 9/9
  6978 | D:8      | Noticed a two-headed ogre
  6986 | D:8      | Killed a two-headed ogre
  6986 | D:8      | Reached skill level 13 in Unarmed Combat
  7344 | D:8      | Received a gift from Trog
  7683 | D:8      | Noticed Erica
  7694 | D:8      | Killed Erica
  7694 | D:8      | Reached skill level 5 in Fighting
  7811 | D:8      | Noticed Gastronok
  7842 | D:8      | Killed Gastronok
  7842 | D:8      | Reached skill level 14 in Unarmed Combat
  7842 | D:8      | Reached XP level 11. HP: 35/104 MP: 10/10
  7843 | D:8      | Found a hazy altar of Hepliaklqana.
  8544 | D:9      | Noticed mahrgell's ghost (novice OpTm)
  8656 | D:9      | Noticed Erolcha
  8816 | D:8      | Killed Erolcha
  9101 | D:9      | Killed mahrgell's ghost
  9112 | D:8      | HP: 2/157 [orc priest/divine providence (13)]
  9263 | D:9      | Noticed Grum
  9358 | D:9      | Killed Grum
  9434 | D:9      | Found a staircase to the Lair.
  9456 | D:9      | Paralysed by a hornet for 1 turns
  9460 | D:9      | Reached skill level 15 in Unarmed Combat
  9592 | D:9      | Noticed Psyche
  9597 | D:9      | Killed Psyche
  9927 | D:10     | Entered Level 10 of the Dungeon
  9935 | D:10     | Received a gift from Trog
  9955 | D:10     | Noticed Maurice
  9965 | D:10     | Killed Maurice
  9986 | D:10     | Found a staircase to the Orcish Mines.
 10139 | D:10     | Noticed Nergalle
 10165 | D:10     | Killed Nergalle
 10254 | D:10     | Found a basalt altar of Yredelemnul.
 10382 | D:10     | Reached XP level 12. HP: 109/114 MP: 11/11
 10384 | D:10     | Received a gift from Trog
 11079 | D:11     | Found a blossoming altar of Fedhas.
 11096 | D:11     | Reached skill level 1 in Armour
 11458 | D:11     | Reached skill level 16 in Unarmed Combat
 11932 | D:12     | Noticed a two-headed ogre
 11937 | D:12     | Killed a two-headed ogre
 11949 | D:12     | HP: 7/172 [barbs]
 11951 | D:12     | Succumbed to barbed spike wounds

Skill      XL: |  1  2  3  4  5  6  7  8  9 10 11 12 |
---------------+-------------------------------------+-----
Fighting       | 3 4 5 6 |  6.5
Dodging        | 3 4 5 6 7 8 |  8.1
Unarmed Combat | 4 5 6 8 10 12 14 15 16 | 16.1
Armour         | 2 |  2.0

Action                   |  1- 3 |  4- 6 |  7- 9 | 10-12 || total
-------------------------+-------+-------+-------+-------++-------
Melee: Unarmed           |    64 |    53 |   347 |   565 ||  1029
       Punch             |     1 |     1 |    11 |    33 ||    46
Invok: Berserk           |     1 |     2 |     3 |    17 ||    23
       Burn Spellbooks   |       |       |     2 |     2 ||     4
       Trog's Hand       |       |       |       |     4 ||     4
  Use: Scroll            |       |       |       |     8 ||     8
       Potion            |       |       |       |     1 ||     1
 Stab: Sleeping          |       |     1 |       |       ||     1
  Eat: Chunk             |    12 |    13 |    43 |    67 ||   135
       Ration            |     1 |       |       |     2 ||     3
Armor: Animal skin       |    18 |     8 |    31 |       ||    57
       Robe              |       |       |    49 |   117 ||   166
       Troll leather arm |       |       |       |    43 ||    43
Dodge: Dodged            |    49 |    23 |   144 |   364 ||   580
